 Dungeon Crawl Stone Soup version 0.28-a0-851-g8b9cc49659 (webtiles) character file.

Game seed: 8201154396543852403

37 croobank the Digger (level 3, -1/14 HPs)
             Began as a Felid Earth Elementalist on Nov 15, 2021.
             Slain by a goblin (5 damage)
             ... on level 2 of the Dungeon.
             The game lasted 00:06:40 (1367 turns).

croobank the Digger (Felid Earth Elementalist)      Turns: 1367, Time: 00:06:40

Health: -1/14      AC:  1    Str:  5    XL:     3   Next: 21%
Magic:  8/8        EV: 17    Int: 16    God:
Gold:   22         SH:  0    Dex: 16    Spells: 6/7 levels left
                                        Lives:  0   Deaths: 0

rFire   . . .      SeeInvis +   (weapon unavailable)
rCold   . . .      Faith    .   (shield unavailable)
rNeg    . . .      Spirit   .   (armour unavailable)
rPois   .          Reflect  .   (helmet unavailable)
rElec   .          Harm     .   (cloak unavailable)
rCorr   .          Rampage  .   (gloves unavailable)
Will    .....                   (boots unavailable)
Stlth   ++........              (no amulet)
HPRegen 0.04/turn               (no ring)
MPRegen 0.11/turn               (no ring)

@: quick
A: very small, claws 1, fangs 3, see invisible, speed 1, shaggy fur 1, stealthy
paws, no weapons or thrown items, no armour, multi-lived
a: no special abilities


You were on level 2 of the Dungeon.
You visited 1 branch of the dungeon, and saw 2 of its levels.

You collected 22 gold pieces.

Inventory:

Missiles
 b - 37 stones
Scrolls
 d - a scroll of immolation {unknown}
 e - a scroll of teleportation
Potions
 a - 2 potions of brilliance
 c - a potion of haste {unknown}


   Skills:
 + Level 2.7 Dodging
 + Level 3.1 Stealth
 + Level 2.8 Spellcasting
 + Level 1.1 Transmutations
 + Level 3.1 Earth Magic


You had 6 spell levels left.
You knew the following spells:

 Your Spells              Type           Power      Damage    Failure   Level
a - Sandblast             Erth           24%        2d8       5%          1

Your spell library contained the following spells:

 Spells                   Type           Power      Damage    Failure   Level
 Passwall                 Tmut/Erth      7%         N/A       12%         2
 Stone Arrow              Conj/Erth      14%        3d7       30%         3
 Petrify                  Tmut/Erth      9%         N/A       61%         4


Dungeon Overview and Level Annotations

Branches:
Dungeon (2/15)

Altars:

Annotations:
D:2 Terence


Innate Abilities, Weirdness & Mutations

You have sharp claws.
You have razor-sharp teeth.
You have supernaturally acute eyesight. (SInv)
You cover ground quickly. (Speed+)
You are covered in fur. (AC +1)
Your paws help you pounce on unaware monsters.
You are incapable of wielding weapons or throwing items.
You cannot wear armour.
You gain extra lives every three experience levels.


Message History

The bat barely misses you.
You closely miss the frilled lizard. You bite the frilled lizard.
You kill the frilled lizard!
The bat misses you.
You barely miss the bat. The bat hits you but does no damage.
You scratch the bat but do no damage. The bat misses you.
You scratch the bat.
You kill the bat!
You open the door.
A quokka comes into view.
There is an open door here.
You closely miss the quokka. The quokka barely misses you.
Found a glowing hunting sling.
Found a stone staircase leading down.
The quokka twitches its whiskers.
The quokka bites you.
You scratch the quokka but do no damage.
The quokka bites you.
You scratch the quokka.
The quokka is moderately wounded.
The quokka barely misses you. The quokka bites you.
You scratch the quokka.
You kill the quokka!
You open the door.
There is an open door here.
A goblin is nearby!
A dart slug comes into view.
The dart slug launches a dart at you. The slug dart misses you.
The dart slug launches a dart at you. The slug dart misses you.
The goblin shouts!
You scratch the dart slug.
The dart slug is moderately wounded.
The dart slug launches a dart at you. The slug dart hits you.
* * * LOW HITPOINT WARNING * * *
You scratch the dart slug. You bite the dart slug.
The dart slug is severely wounded.
The goblin hits you with a +0 club.
You die...

#.# ##...## . #.#
##).>..## ... ##.##
##.......## ##....#
#####...####.........#
.......
...........'.........+
##.....
####...####.........#
.##
#.......##.......##
#w#.###.###.....###
#.@#.# # ##...## #
#.#g## ##'## # #. .#
#.# # #. .# #.# # #.
.. ##.## # ## .#
#####...#### .#
............# ..
.#####...##.# ##.###.#


You could see a dart slug and a goblin.

Vanquished Creatures
  4 dart slugs (D:1)
  3 bats
  An endoplasm (D:1)
  4 goblins (D:1)
  3 jackals (D:2)
  A quokka (D:2)
  5 ball pythons
  3 frilled lizards
  A kobold (D:1)
  2 rats (D:1)
27 creatures vanquished.

Vanquished Creatures (others)
  2 demonic plants (D:1)
  A withered plant (D:1)
3 creatures vanquished.

Grand Total: 30 creatures vanquished

Notes
Turn   | Place    | Note
-------+----------+-------------------------------------------
     0 | D:1      | croobank the Felid Earth Elementalist began the quest for
                  | the Orb.
     0 | D:1      | Reached XP level 1. HP: 7/7 MP: 4/4
   296 | D:1      | Found a faded altar of an unknown god.
   304 | D:1      | Reached XP level 2. HP: 11/11 MP: 4/6
  1083 | D:2      | Noticed Terence
  1095 | D:2      | Reached XP level 3. HP: 14/14 MP: 5/8
  1367 | D:2      | Slain by a goblin

Illustrated notes

Levels and vault maps discovered:
D:1:      wander_arrival_fairy_ring, layout_loops_ring,
          shapermc_ecumenical_altar_gd
D:2:      layout_loops_corners, basic_altar, serial_glass, glass_columns_a,
          glass_columns_c, st_stairs_10, uniq_terence

Skill      XL: |  1  2 |
---------------+-------+-----
Stealth        | 3 |  3.1
Earth Magic    | 3 |  3.1
Dodging        | |  2.7
Spellcasting   | |  2.8
Transmutations | |  1.1

Action                   || total
-------------------------++-------
Melee: Unarmed           ||    23
       Bite              ||     5
 Cast: Sandblast         ||    27
  Use: Scroll            ||     2
 Stab: Sleeping          ||     2
Armor: Skin              ||     2
Dodge: Dodged            ||    21

Table legend: (Time is in decaauts)
 A = Elapsed time spent in this place.
 B = Non-inter-level travel time spent in this place.
 C = Inter-level travel time spent in this place.
 D = Time resting spent in this place.
 E = Time spent auto-exploring this place.
 F = Levels seen in this place.
 G = Mean time per level.
                   A        B        C        D        E       F      G
               +--------+--------+--------+--------+--------+-----+--------+
         Total |   1206 |   1176 |     30 |      0 |    978 |   2 |  603.0 |
       Dungeon |   1206 |   1176 |     30 |      0 |    978 |   2 |  603.0 |
               +--------+--------+--------+--------+--------+-----+--------+

Top non-repeatable levels by time:
     D:1: 943 daAuts
     D:2: 263 daAuts
